 Dungeon Crawl Stone Soup version 0.21.1-1-g345015f (webtiles) character file.

3848 geeseburger the Fencer (level 9, -9/70 HPs)
             Began as a Minotaur Fighter on June 7, 2018.
             Mangled by a polar bear (13 damage)
             ... on level 7 of the Dungeon.
             The game lasted 00:19:57 (5027 turns).

geeseburger the Fencer (Minotaur Fighter)           Turns: 5027, Time: 00:19:58

Health: -9/70      AC: 17    Str: 24    XL:     9   Next: 98%
Magic:  8/8        EV: 10    Int:  5    God:
Gold:   332        SH:  9    Dex: 10    Spells: 8/8 levels left

rFire    . . .     SeeInvis .   w - +5 falchion (curse)
rCold    + . .     Gourm    .   c - +0 shield
rNeg     . . .     Faith    .   m - +2 ring mail {rC+}
rPois    .         Spirit   .   (helmet restricted)
rElec    .         Reflect  .   j - +0 cloak
rCorr    .         Harm     .   A - +0 pair of gloves
MR       .....                  x - +0 pair of boots
Stlth    ..........             g - amulet of rage
HPRegen  0.21/turn              e - +6 ring of protection
MPRegen  0.11/turn              s - +2 ring of evasion

@: berserk cooldown, slowed, very slow
A: retaliatory headbutt, horns 2
a: Evoke Berserk Rage


You were on level 7 of the Dungeon.
You were not hungry.

You visited 2 branches of the dungeon, and saw 8 of its levels.

You collected 422 gold pieces.
You spent 90 gold pieces at shops.

Inventory:

Hand Weapons
 w - a cursed +5 falchion (weapon)
Armour
 c - a +0 shield (worn)
 j - a +0 cloak (worn)
 k - the cursed +1 robe "Wunleos" {Dex+4, unknown}
   (You found it on level 7 of the Dungeon)

   It affects your dexterity (+4).
   It has a curse placed upon it.
 m - a +2 ring mail of cold resistance (worn)
 x - a +0 pair of boots (worn)
 A - a +0 pair of gloves (worn)
Jewellery
 e - a +6 ring of protection (left hand)
 g - an amulet of rage (around neck)
 s - a +2 ring of evasion (right hand)
 u - a +4 ring of intelligence
Wands
 t - a wand of flame (45)
Scrolls
 a - a scroll of magic mapping
 h - a scroll of blinking
 i - a scroll of fear
 o - a scroll of teleportation
 B - 2 scrolls of amnesia
Potions
 b - 2 potions of agility
 d - a potion of might
 l - a potion of ambrosia
 n - a potion of flight {unknown}
 p - a potion of heal wounds {unknown}
 q - a potion of magic
 r - a potion of haste
 v - 2 potions of curing
Books
 y - a book of Geomancy

   Spells                             Type                      Level
   a - Sandblast                      Earth                        1
   b - Passwall                       Transmutation/Earth          2
   c - Stone Arrow                    Conjuration/Earth            3
   d - Petrify                        Transmutation/Earth          4
   e - Lee's Rapid Deconstruction     Earth                        5
Comestibles
 f - 9 rations


   Skills:
 - Level 3.6 Fighting
 * Level 16.1 Long Blades
 - Level 3.6 Armour
 - Level 3.6 Shields


You had 8 spell levels left.
You didn't know any spells.

Dungeon Overview and Level Annotations

Branches:
Dungeon (7/15)             Temple (1/1) D:6

Altars:
Cheibriados
Dithmenos
Elyvilon
Fedhas
Gozag
Kikubaaqudgha
Makhleb
Nemelex Xobeh
Qazlal
Ru
Sif Muna
Trog
Uskayaw
Vehumet
Wu Jian
Xom
Yredelemnul
Zin
The Shining One

Shops:
D:7 ?


Innate Abilities, Weirdness & Mutations

You reflexively headbutt those who attack you in melee.
You have a pair of horns on your head.


Message History

You block the polar bear's attack. The polar bear barely misses you.
You barely miss the polar bear. Your headbutt misses the polar bear.
The polar bear is heavily wounded.
You block the polar bear's attack. The polar bear claws you.
* * * LOW HITPOINT WARNING * * *
The polar bear claws you but does no damage.
You hit the polar bear but do no damage.
The polar bear is heavily wounded.
The polar bear bites you.
* * * LOW HITPOINT WARNING * * *
You block the polar bear's attack. The polar bear claws you.
* * * LOW HITPOINT WARNING * * *
You hit the polar bear but do no damage.
The polar bear is heavily wounded.
The polar bear bites you.
* * * LOW HITPOINT WARNING * * *
You block the polar bear's attack. The polar bear closely misses you.
It was a potion of magic.
Magic courses through your body. The polar bear bites you!
You die...

..#######.#.##..#.#h.......#..
..#.....#.#.......#........#.#
#.###.......#.###h.......#.
#.####...##.....###''''###
#........####.#Hh.........
#........+....#hhhh.......
#.###....######..h........ #.#
#....######h########## #.#
#....#.@hHHh# #.#
#.#'##.###### #.# #.#.##. #.#
#.#.##. #.# #.#.##.# #.#
#.#.##.# #......# #######
###.#### #...... #.# #.#####


You could see 2 manticores, a polar bear and 2 hogs.

Vanquished Creatures
  A centaur zombie (D:6)
  3 polar bears (D:7)
  3 hippogriffs (D:7)
  2 hogs (D:7)
  Duvessa (D:5)
  A black bear (D:7)
  3 ogres
  A centaur (D:7)
  2 wolves (D:7)
  3 bullfrogs
  Dowan (D:5)
  7 wights (D:6)
  The ghost of tidbits the Chiller, a weakling GnIE (D:3)
  3 crimson imps
  A hound (D:5)
  2 orc priests (D:4)
  5 orc wizards
  3 iguanas
  4 worker ants
  A killer bee zombie (D:5)
  A worker ant zombie (D:5)
  4 gnolls (D:5)
  10 adders
  3 shadow imps
  2 oozes
  2 adder skeletons
  4 worms
  2 dart slugs
  6 leopard geckos
  18 orcs
  10 bats
  3 giant cockroaches
  9 goblins
  7 hobgoblins
  9 jackals
  8 kobolds
  3 quokkas
  A ball python (D:5)
  3 frilled lizards
  5 rats
158 creatures vanquished.

Notes
Turn   | Place    | Note
-------+----------+-------------------------------------------
     0 | D:1      | geeseburger the Minotaur Fighter began the quest for the Orb.
     0 | D:1      | Reached XP level 1. HP: 19/19 MP: 0/0
    94 | D:1      | Reached skill level 3 in Long Blades
   106 | D:1      | Reached XP level 2. HP: 26/26 MP: 1/1
   205 | D:1      | Reached skill level 4 in Long Blades
   334 | D:1      | Reached XP level 3. HP: 31/31 MP: 2/2
  1004 | D:2      | Found a bloodstained altar of Trog.
  1012 | D:2      | Reached skill level 5 in Long Blades
  1199 | D:3      | Reached XP level 4. HP: 39/39 MP: 3/3
  1223 | D:3      | Noticed tidbits's ghost (weakling GnIE)
  1246 | D:3      | Killed tidbits's ghost
  1246 | D:3      | Reached skill level 6 in Long Blades
  1370 | D:3      | Reached XP level 5. HP: 45/45 MP: 4/4
  1831 | D:4      | Reached skill level 7 in Long Blades
  2287 | D:4      | Reached XP level 6. HP: 22/51 MP: 5/5
  2292 | D:4      | Reached skill level 8 in Long Blades
  2631 | D:4      | Found a shadowy altar of Dithmenos.
  2631 | D:4      | Found a sparkling altar of Nemelex Xobeh.
  2636 | D:4      | Found a glowing silver altar of Zin.
  2638 | D:4      | Found a faded altar of an unknown god.
  2639 | D:4      | Found a faded altar of an unknown god.
  2734 | D:5      | Entered Level 5 of the Dungeon
  3007 | D:5      | Reached skill level 9 in Long Blades
  3076 | D:5      | Reached XP level 7. HP: 57/57 MP: 6/6
  3285 | D:5      | Reached skill level 10 in Long Blades
  3440 | D:5      | Noticed Dowan
  3441 | D:5      | Noticed Duvessa
  3445 | D:5      | Killed Dowan
  3451 | D:5      | Killed Duvessa
  3687 | D:6      | Reached skill level 11 in Long Blades
  3687 | D:6      | Reached XP level 8. HP: 55/64 MP: 7/7
  3755 | D:6      | Found a radiant altar of Vehumet.
  3761 | D:6      | Reached skill level 12 in Long Blades
  3809 | D:6      | Found a staircase to the Ecumenical Temple.
  3818 | Temple   | Entered the Ecumenical Temple
  4185 | D:6      | Reached skill level 13 in Long Blades
  4218 | D:6      | Found an ancient bone altar of Kikubaaqudgha.
  4318 | D:6      | Found a deep blue altar of Sif Muna.
  4320 | D:6      | Found a hazy altar of Hepliaklqana.
  4320 | D:6      | Found a blossoming altar of Fedhas.
  4322 | D:6      | Found a blossoming altar of Fedhas.
  4322 | D:6      | Found an ornate altar of the Wu Jian Council.
  4322 | D:6      | Found a shimmering altar of Xom.
  4490 | D:7      | Found Eleet's Magic Scroll Emporium.
  4501 | D:7      | Reached XP level 9. HP: 70/70 MP: 8/8
  4504 | D:7      | Bought a scroll of identify for 30 gold pieces
  4504 | D:7      | Bought a scroll of identify for 30 gold pieces
  4504 | D:7      | Bought a scroll of identify for 30 gold pieces
  4622 | D:7      | Reached skill level 14 in Long Blades
  4750 | D:7      | Got a transparent leather armour
  4752 | D:7      | Identified the cursed +0 leather armour "Doopaurr" {rPois rC++} (You found it on level 7 of the Dungeon)
  4872 | D:7      | Got a steaming robe
  4956 | D:7      | Found a huge runed gate.
  4956 | D:7      | Found a huge runed gate.
  4956 | D:7      | Found a huge runed gate.
  4956 | D:7      | Found a huge runed gate.
  4956 | D:7      | Noticed a polar bear
  4956 | D:7      | Noticed a polar bear
  4956 | D:7      | Noticed a manticore
  4957 | D:7      | Noticed a polar bear
  4957 | D:7      | Noticed a polar bear
  4957 | D:7      | Noticed a polar bear
  4957 | D:7      | Noticed a manticore
  4957 | D:7      | Noticed a polar bear
  4989 | D:7      | Reached skill level 15 in Long Blades
  5004 | D:7      | Killed a polar bear
  5013 | D:7      | Killed a polar bear
  5021 | D:7      | Killed a polar bear
  5021 | D:7      | Reached skill level 16 in Long Blades
  5027 | D:7      | Mangled by a polar bear

Skill      XL: |  1  2  3  4  5  6  7  8  9 |
---------------+----------------------------+-----
Long Blades    | 3 4 5 6 7 9 11 13 16 | 16.1
Fighting       | |  3.6
Armour         | |  3.6
Shields        | |  3.6

Action                   |  1- 3 |  4- 6 |  7- 9 || total
-------------------------+-------+-------+-------++-------
Melee: Long sword        |    54 |       |       ||    54
       Headbutt          |    15 |    31 |    50 ||    96
       Falchion          |    15 |   206 |   229 ||   450
 Abil: Evoke Berserk Rag |       |       |     2 ||     2
  Use: Scroll            |    10 |     4 |     6 ||    20
       Potion            |       |       |     1 ||     1
  Eat: Ration            |     1 |     1 |     3 ||     5
Armor: Scale mail        |    27 |       |       ||    27
       Ring mail         |     8 |    89 |    91 ||   188
Dodge: Dodged            |    21 |    48 |    67 ||   136
Block: Shield            |    38 |    77 |    92 ||   207
       Rpst.: Long sword |     4 |       |       ||     4
       Falchion          |     1 |    13 |    17 ||    31
